 Dungeon Crawl Stone Soup version 0.31-a0-986-g5e6e4ef867 (webtiles) character file.

Game seed: 15622695381373602566

1563 Maxmaps the Covert (level 8, -2/54 HPs)
             Began as an Octopode Shapeshifter on Nov 6, 2023.
             Was an Initiate of Gozag.
             Slain by a wyvern (19 damage)
             ... on level 6 of the Dungeon.
             The game lasted 00:06:48 (6123 turns).

Maxmaps the Covert (Octopode Shapeshifter)          Turns: 6123, Time: 00:06:49

Health: -2/54      AC:  1    Str: 20    XL:     8   Next: 89%
Magic:  8/8        EV: 14    Int: 14    God:    Gozag
Gold:   518        SH:  5    Dex:  9    Spells: 7/7 levels left

rFire   . .          .
                       - Unarmed
rCold   + . .        (no shield)
rNeg    . . .        (helmet currently unavailable)
rPois   .            n - amulet of reflection
rElec   .            g - +6 ring of strength
rCorr   .            (no ring)
SInv    .            (no ring)
Will    +....        (no ring)
Stlth   +++++        (no ring)
HPRegen 0.29/turn    (no ring)
MPRegen 0.11/turn    (no ring)
                     (no ring)

%: reflection
@: mighty, beast-form, studying Evocations
A: beast (slay +1), almost no armour, amphibious, 8 rings, camouflage 1,
gelatinous body 1, (nimble swimmer 1), tentacles, clumsy 1, cold resistance 1,
strong-willed 1, inability to read after injury 1, devolution 1
a: Begin Untransformation, Renounce Religion, Potion Petition, Call Merchant,
Bribe Branch


You were on level 6 of the Dungeon.
You worshipped Gozag.
Gozag was pleased with you.
You were a hulking beast.
You visited 2 branches of the dungeon, and saw 7 of its levels.

You collected 585 gold pieces.
You paid 67 gold pieces to Gozag.

Inventory:

Jewellery
 g - a +6 ring of strength (left tentacle)
 h - an amulet of regeneration
 i - a ring of ice
 n - an amulet of reflection (around mantle)
Talismans
 b - a beast talisman
 c - a flux talisman
Wands
 l - a wand of flame (25)
 p - a wand of quicksilver (19)
 v - a wand of iceblast (3)
Scrolls
 a - a scroll of fog
 e - a scroll of amnesia
 o - 2 scrolls of silence
 u - a scroll of enchant armour
Potions
 d - a potion of might
 f - a potion of curing
 j - a potion of haste
 m - 3 potions of cancellation
 q - a potion of enlightenment
 r - a potion of mutation
 t - a potion of brilliance


   Skills:
 - Level 4.0 Fighting
 - Level 6.1 Dodging
 - Level 10.2 Stealth
 - Level 3.0 Unarmed Combat
 + Level 5.7 Evocations
 - Level 3.0 Shapeshifting


You had 7 spell levels left.
You didn't know any spells.
Your spell library contained the following spells:

 Spells                   Type           Power      Damage    Failure   Level
 Shock                    Conj/Air       0%         1d3       28%         1
 Gell's Gravitas          Tloc           0%         N/A       65%         3
 Teleport Other           Tloc           0%         N/A       65%         3
 Dispersal                Tloc           0%         N/A       100%        6


Dungeon Overview and Level Annotations

Branches:
Dungeon (6/15)             Temple (1/1) D:4

Altars:
Cheibriados
Dithmenos
Elyvilon
Gozag
Hepliaklqana
Kikubaaqudgha
Makhleb
Nemelex Xobeh
Okawaru
Qazlal
Sif Muna
Trog
Uskayaw
Wu Jian
Yredelemnul


Innate Abilities, Weirdness & Mutations

You are a hulking beast.
Your limbs bulge with bestial killing power. (Slay +1)
You cannot wear most types of armour.
You are amphibious.
You can wear up to eight rings at the same time.
Your skin changes colour to match your surroundings (Stealth+).
Your rubbery body absorbs attacks. (AC +1, EV +1)
((You are camouflaged when in or above water. (Stealth+)))
You have tentacles for arms and can constrict up to eight enemies at once.
You are clumsy. (Dex -2)
Your flesh is cold resistant. (rC+)
You are strong-willed. (Will+)
You occasionally lose the ability to read scrolls when taking damage.
You have hidden genetic defects.


Message History

A wyvern is nearby!
You tentacle-slap the wyvern.
The wyvern is lightly wounded.
The wyvern closely misses you.
You closely miss the wyvern. Your squeeze misses the wyvern.
The wyvern is lightly wounded.
The wyvern barely misses you. x2
You barely miss the wyvern.
The wyvern is lightly wounded.
You block the wyvern's attack.
You tentacle-slap the wyvern but do no damage.
You squeeze the wyvern, but do no damage.
The wyvern is lightly wounded.
The wyvern bites you! The wyvern misses you.
You tentacle-slap the wyvern but do no damage.
The wyvern is lightly wounded.
The wyvern misses you.
You completely miss the wyvern.
The wyvern is lightly wounded.
The wyvern completely misses you.
You tentacle-slap the wyvern.
Your tentacle-slap misses the wyvern.
The wyvern is lightly wounded.
The wyvern barely misses you. The wyvern completely misses you.
You barely miss the wyvern. Your squeeze misses the wyvern.
The wyvern is lightly wounded.
The wyvern barely misses you.
You closely miss the wyvern.
You squeeze the wyvern, but do no damage.
The wyvern is lightly wounded.
You block the wyvern's attack. The wyvern bites you!
You closely miss the wyvern.
The wyvern is lightly wounded.
The wyvern bites you!
You feel very mighty all of a sudden. The wyvern bites you.
You closely miss the wyvern.
Your tentacle-slap misses the wyvern.
The wyvern is lightly wounded.
The wyvern bites you!!
You die...
Your body crumbles into a pile of gold.

.##)####.# .##.# #.#
.# ###.####.# .#
#.#....# .# #.#.##.#
.. #.#.##.# .#
#......# .# # #
###.#### ##l#.##
####..)#########h....#
'...))...............#
####...#########.#...#
# ###.### ......#
#..)..# .#.###.#
###.#.#.# #.#.# .#
#.....### # #.# #
##.##### #.. .#.###.#
###


You could see a wyvern.

Vanquished Creatures
  Grinder (D:5)
  3 black bears
  2 ice beasts (D:6)
  A phantom (D:5)
  A kobold brigand (D:6)
  4 scorpions
  A wight (D:6)
  3 hounds
  A gnoll bouda (D:6)
  A jelly (D:5)
  An orc priest (D:4)
  An iguana (D:5)
  Robin (D:2)
  8 gnolls (D:6)
  6 adders
  2 worms
  5 dart slugs
  11 orcs
  7 ball pythons
  7 bats
  7 endoplasms
  4 giant cockroaches
  16 goblins
  6 hobgoblins
  9 jackals
  3 quokkas
  4 frilled lizards
  11 kobolds
  4 rats
131 creatures vanquished.

Vanquished Creatures (others)
  A kobold (D:6)
1 creature vanquished.

Grand Total: 132 creatures vanquished

Notes
Turn   | Place    | Note
-------+----------+-------------------------------------------
     0 | D:1      | Maxmaps the Octopode Shapeshifter began the quest for the
                  | Orb.
     0 | D:1      | Reached XP level 1. HP: 13/13 MP: 1/1
    37 | D:1      | Found a faded altar of an unknown god.
    47 | D:1      | Got Plato's Notes on the Storm
   415 | D:1      | Reached XP level 2. HP: 19/19 MP: 2/2
  1013 | D:2      | Reached XP level 3. HP: 9/25 MP: 3/3
  1265 | D:2      | Noticed Robin
  1291 | D:2      | Killed Robin
  1333 | D:2      | Reached XP level 4. HP: 21/33 MP: 4/4
  2009 | D:3      | Reached skill level 1 in Stealth
  2073 | D:3      | Reached skill level 2 in Stealth
  2630 | D:3      | Identified a scroll of acquirement
  2630 | D:3      | Acquired a manual of Evocations
  2662 | D:3      | Gained mutation: You expend magic power (3 MP) to
                  | strengthen your wands. [potion of mutation]
  2662 | D:3      | Gained mutation: You sometimes lose your temper in combat.
                  | [potion of mutation]
  2662 | D:3      | Gained mutation: You have a pair of small antennae on your
                  | head. [potion of mutation]
  2733 | D:4      | Noticed a scorpion
  2738 | D:4      | Killed a scorpion
  2739 | D:4      | Reached skill level 4 in Stealth
  2739 | D:4      | Reached XP level 5. HP: 30/37 MP: 5/5
  2877 | D:4      | Reached skill level 5 in Stealth
  3042 | D:4      | Noticed a black bear
  3051 | D:4      | Killed a black bear
  3052 | D:4      | Reached skill level 6 in Stealth
  3052 | D:4      | Reached XP level 6. HP: 18/43 MP: 6/6
  3200 | D:4      | Found a sparkling altar of Nemelex Xobeh.
  3293 | D:4      | Noticed a black bear
  3300 | D:4      | Killed a black bear
  3301 | D:4      | Reached skill level 7 in Stealth
  3553 | D:4      | Found a staircase to the Ecumenical Temple.
  3567 | Temple   | Entered the Ecumenical Temple
  3576 | Temple   | Became a worshipper of Gozag Ym Sagoz the Greedy
  3602 | D:4      | Reached skill level 8 in Stealth
  3720 | D:4      | Reached XP level 7. HP: 48/48 MP: 7/7
  3758 | D:4      | Found a stormy altar of Qazlal.
  3758 | D:4      | Found an ancient bone altar of Kikubaaqudgha.
  3765 | D:4      | Found a shadowy altar of Dithmenos.
  3767 | D:4      | Found an ornate altar of the Wu Jian Council.
  3769 | D:4      | Found a snail-covered altar of Cheibriados.
  3880 | D:5      | Entered Level 5 of the Dungeon
  3956 | D:5      | Noticed Grinder
  3963 | D:5      | Paralysed by Grinder for 5 turns
  3974 | D:5      | Killed Grinder
  3975 | D:5      | Reached skill level 9 in Stealth
  4088 | D:5      | Reached skill level 10 in Stealth
  4382 | D:5      | Found an iron altar of Okawaru.
  4408 | D:5      | Reached XP level 8. HP: 54/54 MP: 8/8
  4835 | D:6      | Lost mutation: You sometimes lose your temper in combat.
                  | [potion of mutation]
  4835 | D:6      | Lost mutation: You expend magic power (3 MP) to strengthen
                  | your wands. [potion of mutation]
  4835 | D:6      | Lost mutation: You have a pair of small antennae on your
                  | head. [potion of mutation]
  4835 | D:6      | Gained mutation: You are clumsy. (Dex -2) [potion of
                  | mutation]
  4835 | D:6      | Gained mutation: You have hidden genetic defects. [potion
                  | of mutation]
  4835 | D:6      | Gained mutation: You are strong-willed. (Will+) [potion of
                  | mutation]
  4835 | D:6      | Gained mutation: Your flesh is cold resistant. (rC+)
                  | [potion of mutation]
  4949 | D:6      | Reached skill level 5 in Dodging
  4954 | D:6      | Gained mutation: You have terrible hidden genetic defects.
                  | [hidden defects]
  5370 | D:6      | Gained mutation: You occasionally lose the ability to read
                  | scrolls when taking damage. [hidden defects]
  5370 | D:6      | Lost mutation: You have terrible hidden genetic defects.
                  | [hidden defects expressed]
  5871 | D:6      | Reached skill level 5 in Evocations
  5947 | D:6      | Noticed a purple ugly thing
  6101 | D:6      | Noticed a wyvern
  6123 | D:6      | Slain by a wyvern

Illustrated notes

Levels and vault maps discovered:
D:1:      giann_wishing_wells, layout_loops_corners,
          shapermc_ecumenical_altar_rom_forum
D:2:      layout_rooms, minmay_distorted, uniq_robin
D:3:      minmay_inner_zag, layout_basic, chequers_jeans
D:4:      layout_basic, nemelex_xobeh_ov_fountains_minmay,
          chequers_temple_overflow_minitemple,
          minmay_temple_entry_gardened_gates
D:5:      layout_loops_ring, nicolae_overflow_crystal_walls,
          hangedman_decor_opposing, uniq_grinder
D:6:      minmay_cornered_nines, layout_loops_corners,
          hangedman_minor_gate_pass, uniq_crazy_yiuf_cottage
Temple:   nicolae_temple_two_arcs

Skill      XL: |  1  2  3  4  5  6  7  8 |
---------------+-------------------------+-----
Fighting       | 2 3 4 |  4.0
Stealth        | 4 6 8 10 | 10.2
Dodging        | 3 6 |  6.1
Evocations     | 5 |  5.7
Unarmed Combat | |  3.0
Shapeshifting  | |  3.0

Action                     |  1- 3 |  4- 6 |  7- 9 || total
---------------------------+-------+-------+-------++-------
  Melee: Unarmed           |    72 |   110 |   146 ||   328
         Tentacles         |    15 |    24 |    39 ||    78
         Constrict         |    15 |    36 |    26 ||    77
         Punch             |     1 |     1 |     9 ||    11
  Evoke: Wand              |       |       |     1 ||     1
    Use: Scroll            |     3 |     5 |     9 ||    17
         Potion            |     1 |     3 |     5 ||     9
   Stab: Sleeping          |     6 |    15 |     8 ||    29
 Armour: Skin              |    73 |    47 |    67 ||   187
  Dodge: Dodged            |    46 |    65 |    74 ||   185
  Block: Other             |       |       |    22 ||    22
         Reflection        |       |       |     1 ||     1

Table legend: (Time is in decaauts)
 A = Elapsed time spent in this place.
 B = Non-inter-level travel time spent in this place.
 C = Inter-level travel time spent in this place.
 D = Time resting spent in this place.
 E = Time spent auto-exploring this place.
 F = Levels seen in this place.
 G = Mean time per level.
                   A        B        C        D        E       F      G
               +--------+--------+--------+--------+--------+-----+--------+
         Total |   6154 |   6002 |    152 |    890 |   4168 |   7 |  879.1 |
       Dungeon |   6135 |   5998 |    137 |    890 |   4168 |   6 | 1022.5 |
        Temple |     18 |      3 |     15 |      0 |      0 |   1 |   18.0 |
               +--------+--------+--------+--------+--------+-----+--------+

Top non-repeatable levels by time:
     D:6: 1288 daAuts
     D:4: 1153 daAuts
     D:1: 1133 daAuts
     D:3: 1108 daAuts
     D:5: 951 daAuts
     D:2: 499 daAuts
  Temple: 18 daAuts
